[Event "fics rated crazyhouse match"]
[Site "fics, Oklahoma City, OK USA"]
[Date "2000.12.26"]
[White "pminear"]
[WhiteElo "2544"]
[Black "GusMcClain"]
[BlackElo "2239"]
[TimeControl "60+0"]
[Result "1-0"]

1. e4 d5 2. exd5 Qxd5 3. Nc3 Qa5 4. d4 e5 5. d5 Nf6 6. Bd2 
Bb4 7. Bc4 Bg4 8. f3 Bc5 9. P@f2 Qb6 10. Qe2 Qxb2 11. Rb1 Qxb1+ 
12. Nxb1 R@a1 13. Qd1 Bf5 14. Bc3 Bd4 15. Bxa1 Bxa1 16. Bd3 Bxd3 17. cxd3 
B@a5+ 18. Kf1 B1c3 19. R@c8+ B@d8 20. B@c5 P@d6 21. Be3 Nxd5 22. Bg5 P@f6 
23. Be3 Bd4 24. Bxd4 exd4 25. Qe2+ P@e3 26. B@c4 Nc3 27. Nxc3 Bxc3 28. Bxf7+ 
Kxf7 29. P@e6+ Kxe6 30. N@f4+ Kd7 31. Q@e6+ Kc6 32. fxe3 N@d2+ 33. Qxd2 Bxd2 
34. Qd5+ Kb6 35. N@c4+ Ka6 36. P@b5# 
{GusMcClain checkmated} 1-0

[Event "fics rated crazyhouse match"]
[Site "fics, Oklahoma City, OK USA"]
[Date "2000.12.26"]
[White "GusMcClain"]
[WhiteElo "2237"]
[Black "pminear"]
[BlackElo "2546"]
[TimeControl "60+0"]
[Result "1-0"]

1. e4 e5 2. Nc3 Nc6 3. Nf3 Bc5 4. Bc4 Nf6 5. O-O O-O 6. d3 
d6 7. Bg5 Bg4 8. Bxf6 Qxf6 9. Nd5 Qh6 10. N@e7+ Kh8 11. Nf5 Bxf5 
12. exf5 B@g4 13. B@g5 Qh5 14. f6 gxf6 15. Bxf6+ Kg8 16. P@e2 N@e8 17. Be7 
P@g7 18. Bxf8 Kxf8 19. R@h8+ B@g8 20. h3 Bxh3 21. gxh3 Qxh3 22. B@g2 Qg3 
23. e3 Qg6 24. d4 P@e6 25. dxc5 exd5 26. cxd6 cxd6 27. Bxd5 P@h3 28. P@g3 
hxg2 29. Bxc6 gxf1=Q+ 30. Kxf1 bxc6 31. N@d7+ Ke7 32. P@b7 B@a6+ 33. B@d3 P@g2+ 
34. Kxg2 B@h3+ 35. Kxh3 Qh5+ 36. P@h4 Bxb7 37. Ndxe5 dxe5 38. B@g5+ f6 39. P@d6+ 
Nxd6 40. Bxf6+ gxf6 41. P@g4 Qxg4+ 42. Kxg4 h5+ 43. Kh3 B@e6+ 44. Kg2 P@h3+ 
45. Kg1 
{pminear forfeits on time} 1-0

[Event "fics rated crazyhouse match"]
[Site "fics, Oklahoma City, OK USA"]
[Date "2000.12.26"]
[White "pminear"]
[WhiteElo "2532"]
[Black "GusMcClain"]
[BlackElo "2251"]
[TimeControl "60+0"]
[Result "1-0"]

1. e4 e6 2. Nc3 d5 3. exd5 exd5 4. Bb5+ Bd7 5. Qe2+ Qe7 6. Nxd5 
Qxe2+ 7. Nxe2 Q@e6 8. Nxc7+ Kd8 9. Nxe6+ fxe6 10. Bxd7 Nxd7 11. P@f7 Ngf6 
12. B@g5 N@d6 13. d4 Nxf7 14. P@e5 Bb4+ 15. P@c3 Be7 16. exf6 gxf6 17. N@b5 
P@c7 18. Q@g7 Rf8 19. Qxh7 fxg5 20. P@g7 Re8 21. g8=Q B@f8 22. Qgxf7 Nf6 
23. Qxe6 P@d7 24. N@f7+ Kc8 25. Qc4 B@c6 26. d5 Nxd5 27. Qxd5 Bxd5 28. N@d6+ 
Bxd6 29. Nfxd6+ Bxd6 30. Nxd6+ cxd6 31. B@e3 Rxe3 32. Bxe3 P@e7 33. R@c7+ Kxc7 
34. P@b6+ axb6 35. Bxb6+ Kxb6 36. B@e3+ P@c5 37. P@b4 N@d3+ 38. cxd3 N@c2+ 39. Kd2 
R@d1+ 40. Kxd1 N@c4 41. Kc1 N4xe3 42. Kb1 B@d2 43. b3 Na3+ 44. Kb2 
{GusMcClain forfeits on time} 1-0

[Event "fics rated crazyhouse match"]
[Site "fics, Oklahoma City, OK USA"]
[Date "2000.12.26"]
[White "GusMcClain"]
[WhiteElo "2248"]
[Black "pminear"]
[BlackElo "2535"]
[TimeControl "60+0"]
[Result "0-1"]

1. e4 e5 2. d4 exd4 3. Nf3 Nc6 4. Bc4 Bc5 5. O-O P@e6 6. c3 
dxc3 7. Nxc3 Nf6 8. Bg5 P@e7 9. e5 Ng4 10. P@e3 Ngxe5 11. Nxe5 Nxe5 
12. Be2 f6 13. Bf4 Ng6 14. Bg3 O-O 15. N@h5 d5 16. Na4 Bd6 17. Nc3 
N@e4 18. Nxe4 dxe4 19. N@f4 Nxf4 20. Nxf4 P@f3 21. Bxf3 exf3 22. Qxf3 N@g5 
23. Qh5 Bxf4 24. exf4 B@g6 25. Qxg6 hxg6 26. fxg5 fxg5 27. B@d3 P@f3 28. B@e4 
N@h3+ 29. Kh1 Qxd3 30. P@h7+ Kh8 31. Bxf3 Qxf3 32. N@e1 Qxg3 33. hxg3 Q@g1+ 
34. Rxg1 Nxf2+ 35. Kh2 N@g4# 
{GusMcClain checkmated} 0-1

[Event "fics rated crazyhouse match"]
[Site "fics, Oklahoma City, OK USA"]
[Date "2000.12.26"]
[White "pminear"]
[WhiteElo "2538"]
[Black "GusMcClain"]
[BlackElo "2245"]
[TimeControl "60+0"]
[Result "1-0"]

1. e4 d5 2. exd5 Qxd5 3. Nc3 Qe5+ 4. Be2 Nf6 5. d4 Qa5 6. Nf3 
Bg4 7. O-O e6 8. Ne5 Bxe2 9. Qxe2 Bd6 10. Nc4 Qg5 11. Bxg5 B@e7 
12. P@e5 Nd5 13. Nxd5 exd5 14. exd6 cxd6 15. Qxe7# 
{GusMcClain checkmated} 1-0

[Event "fics rated crazyhouse match"]
[Site "fics, Oklahoma City, OK USA"]
[Date "2000.12.26"]
[White "GusMcClain"]
[WhiteElo "2242"]
[Black "pminear"]
[BlackElo "2541"]
[TimeControl "60+0"]
[Result "0-1"]

1. e4 e5 2. Nc3 Nc6 3. Nf3 Bc5 4. Bc4 Nf6 5. d3 O-O 6. O-O 
d6 7. Bg5 Bg4 8. Bxf6 Qxf6 9. Nd5 Qh6 10. N@e7+ Kh8 11. Nf5 Bxf5 
12. exf5 B@g4 13. B@g5 Qxg5 14. Nxg5 Bxd1 15. f6 B@h6 16. fxg7+ Bxg7 17. P@f6 
Bxf6 18. Nxf6 Q@g7 19. Nh5 Bxh5 20. Q@h4 P@f3 21. Qxh5 N@e2+ 22. Kh1 fxg2+ 
23. Kxg2 N@f4+ 24. Kf3 Ncd4+ 25. Ke4 P@f5+ 26. Ke3 Nxh5 27. Nxf7+ Rxf7 28. Kd2 
N@f3+ 29. Ke3 Q@f4# 
{GusMcClain checkmated} 0-1

[Event "fics rated crazyhouse match"]
[Site "fics, Oklahoma City, OK USA"]
[Date "2000.12.26"]
[White "pminear"]
[WhiteElo "2543"]
[Black "GusMcClain"]
[BlackElo "2240"]
[TimeControl "60+0"]
[Result "1-0"]

1. e4 Nf6 2. e5 Nd5 3. Nf3 d6 4. d4 e6 5. Be2 Nc6 6. O-O 
dxe5 7. Nxe5 Bd6 8. Nxc6 bxc6 9. N@h5 Rg8 10. P@e5 Be7 11. c4 Nf6 
12. exf6 Bxf6 13. Nxf6+ gxf6 14. B@g3 N@f5 15. Be3 P@h4 16. Nc3 hxg3 17. hxg3 
P@b4 18. Ne4 B@e7 19. N@h5 N@g5 20. Bxg5 fxg5 21. N@f6+ Kf8 22. Nxh7+ Ke8 
23. Nef6+ Bxf6 24. N5xf6+ Ke7 25. B@c5+ B@d6 26. Bxd6+ cxd6 27. Nxg8+ Qxg8 28. R@c7+ 
Bd7 29. B@f6+ Ke8 30. P@b7 Rb8 31. Rxd7 Kxd7 32. B@c8+ Rxc8 33. bxc8=Q+ Kxc8 
34. d5 Kc7 35. dxc6 N@h3+ 36. gxh3 P@h2+ 37. Kxh2 B@e4 38. f3 
{GusMcClain forfeits on time} 1-0

[Event "fics rated crazyhouse match"]
[Site "fics, Oklahoma City, OK USA"]
[Date "2000.12.26"]
[White "JiggaB"]
[WhiteElo "2220"]
[Black "pminear"]
[BlackElo "2545"]
[TimeControl "60+0"]
[Result "0-1"]

1. d4 Nf6 2. Nf3 e6 3. Nc3 Nc6 4. Bg5 Be7 5. Bh4 d6 6. e4 
O-O 7. e5 Ng4 8. Bxe7 Qxe7 9. exd6 cxd6 10. Bd3 P@e3 11. B@g3 exf2+ 
12. Bxf2 Nxf2 13. Kxf2 B@h5 14. N@g5 B@g6 15. Bxg6 fxg6 16. B@e4 d5 17. Bxd5 
exd5 18. Nxd5 Qxg5 19. P@e4 N@g4+ 20. Kf1 Qxd5 21. exd5 N@e3+ 22. Ke2 Nxd1 
23. Kxd1 Nf2+ 24. Kc1 B@f4+ 25. P@d2 Bxf3 26. gxf3 Bxd2+ 27. Kb1 P@a3 28. c3 
B@d3+ 29. P@c2 Bxc2+ 30. Kxc2 P@d3+ 31. Kb3 P@c4+ 32. Kxa3 N@c2+ 33. Ka4 Q@a5# 
{JiggaB checkmated} 0-1

[Event "fics rated crazyhouse match"]
[Site "fics, Oklahoma City, OK USA"]
[Date "2000.12.27"]
[White "VampireGod"]
[WhiteElo "2301"]
[Black "BarryWhite"]
[BlackElo "2408"]
[TimeControl "120+0"]
[Result "0-1"]

1. e4 e6 2. d4 d5 3. exd5 exd5 4. Nf3 Nc6 5. Bb5 Bd7 6. Ne5 
Bb4+ 7. c3 Bd6 8. Bxc6 bxc6 9. Nxd7 Qxd7 10. P@e5 Qe7 11. Be3 N@h4 
12. Rg1 B@g6 13. exd6 cxd6 14. Na3 P@f4 15. Qg4 fxe3 16. B@d7+ Kf8 17. B@g5 
exf2+ 18. Kxf2 B@f6 19. Bxc6 Bxg5 20. N@d7+ Qxd7 21. Bxd7 N@d3+ 22. Kf1 B@h5 
23. Q@e2 Bxg4 24. Bxg4 P@f2 25. Rh1 Q@e1+ 26. Rxe1 fxe1=Q+ 27. Qxe1 Nxe1 28. Q@e2 
R@e4 29. P@e3 Q@f6+ 30. P@f3 Rxe3 31. P@b7 Rae8 32. B@e5 Rxe2 33. Kxe2 Q@e3+ 
34. Kd1 P@e2+ 35. Kxe1 P@d2# 
{VampireGod checkmated} 0-1

[Event "fics rated crazyhouse match"]
[Site "fics, Oklahoma City, OK USA"]
[Date "2000.12.27"]
[White "BarryWhite"]
[WhiteElo "2414"]
[Black "VampireGod"]
[BlackElo "2295"]
[TimeControl "120+0"]
[Result "0-1"]

1. e4 e5 2. Nf3 Nc6 3. Bb5 Bc5 4. Nc3 Nf6 5. O-O d6 6. Na4 
Bg4 7. Nxc5 dxc5 8. Bxc6+ bxc6 9. B@b7 N@d4 10. Nxd4 Bxd1 11. Bxc6+ B@d7 
12. Bxd7+ Nxd7 13. Nc6 B@f3 14. B@h3 Qg5 15. P@b7 Rd8 16. N@g3 Bde2 17. d4 
Qg6 18. Nxd8 Bxf1 19. Bxd7+ Kxd7 
{BarryWhite forfeits on time} 0-1

[Event "fics rated crazyhouse match"]
[Site "fics, Oklahoma City, OK USA"]
[Date "2000.12.27"]
[White "VampireGod"]
[WhiteElo "2306"]
[Black "BarryWhite"]
[BlackElo "2403"]
[TimeControl "120+0"]
[Result "1-0"]

1. e4 e6 2. d4 d5 3. exd5 exd5 4. Nf3 Nc6 5. Bb5 Bb4+ 6. c3 
Qe7+ 7. P@e5 Bd6 8. O-O P@h3 9. gxh3 Bxh3 10. Re1 P@e4 11. exd6 cxd6 
12. Ng5 P@g4 13. B@e2 Nf6 14. P@e5 dxe5 15. dxe5 Qxe5 16. P@f4 Qe7 17. Nxh3 
gxh3 18. B@e5 O-O 19. Bxc6 bxc6 20. N@f5 Qd7 21. Nxg7 P@f3 22. Bxf6 Qg4+ 
23. P@g3 fxe2 24. N@h6+ Kh8 25. Ngf5+ P@g7 26. Bxg7+ Qxg7 27. Qxe2 
{BarryWhite forfeits on time} 1-0

[Event "fics rated crazyhouse match"]
[Site "fics, Oklahoma City, OK USA"]
[Date "2000.12.27"]
[White "BarryWhite"]
[WhiteElo "2393"]
[Black "VampireGod"]
[BlackElo "2316"]
[TimeControl "120+0"]
[Result "0-1"]

1. e4 e6 2. Nc3 Nc6 3. d4 Bb4 4. Nf3 Nf6 5. Bd3 d5 6. exd5 
exd5 7. Qe2+ P@e4 8. P@g5 Qe7 9. gxf6 gxf6 10. Bb5 exf3 11. Qxe7+ Bxe7 
12. gxf3 N@g2+ 13. Kd1 Bd7 14. Bxc6 bxc6 15. Q@e2 P@e4 16. N@g7+ Kd8 17. N@f5 
Bb4 18. P@b7 Rb8 19. fxe4 dxe4 20. Qxe4 P@e2+ 21. Qxe2 Bxf5 22. Nxf5 N@f4 
23. P@e7+ Ke8 24. Bxf4 Nxf4 25. Ng7+ Kd7 26. B@c8+ Rbxc8 27. bxc8=Q+ Rxc8 28. P@e6+ 
fxe6 29. Nxe6 Nxe2 30. N@c5+ Bxc5 31. Nxc5+ Kxe7 32. R@d7+ Kf8 33. P@g7+ Kg8 
34. B@f7+ Kxg7 35. Be6+ P@f7 36. Rxf7+ Kh6 37. Nxe2 Q@d2# 
{BarryWhite forfeits on time} 0-1

[Event "fics rated crazyhouse match"]
[Site "fics, Oklahoma City, OK USA"]
[Date "2000.12.27"]
[White "VampireGod"]
[WhiteElo "2326"]
[Black "BarryWhite"]
[BlackElo "2383"]
[TimeControl "120+0"]
[Result "0-1"]

1. e4 e6 2. d4 d5 3. exd5 exd5 4. Nf3 Nc6 5. Bb5 Bb4+ 6. c3 
Qe7+ 7. P@e5 Bd6 8. O-O P@h3 9. exd6 cxd6 10. Re1 P@e4 11. Ng5 hxg2 
12. Bxc6+ bxc6 13. N@h5 B@f6 14. B@h4 h6 15. Nxf6+ Nxf6 16. Nf3 N@h3+ 17. Kxg2 
exf3+ 18. Qxf3 Qxe1 
{VampireGod resigns} 0-1

[Event "fics rated crazyhouse match"]
[Site "fics, Oklahoma City, OK USA"]
[Date "2000.12.27"]
[White "BarryWhite"]
[WhiteElo "2390"]
[Black "VampireGod"]
[BlackElo "2319"]
[TimeControl "120+0"]
[Result "0-1"]

1. e4 e5 2. Nc3 Nc6 3. Nf3 Nf6 4. Bb5 Bc5 5. O-O d6 6. d3 
O-O 7. Bxc6 bxc6 8. Bg5 B@e7 9. Bxf6 Bxf6 10. N@f5 Bxf5 11. exf5 B@g4 
12. B@e4 d5 13. h3 dxe4 14. Nxe4 Bxf3 15. Qxf3 N@h4 16. Qg4 N@h6 17. Qe2 
N6xf5 18. Nxc5 Nxg2 19. N@g4 Nf4 20. Qf3 B@e2 21. Qg2 P@f3 22. Qh2 Bxf1 
23. Ne4 Nxh3+ 24. Kxf1 P@e2+ 25. Ke1 R@f1+ 26. Kd2 Rxa1 27. Ngxf6+ gxf6 
{BarryWhite resigns} 0-1

[Event "fics rated crazyhouse match"]
[Site "fics, Oklahoma City, OK USA"]
[Date "2000.12.27"]
[White "VampireGod"]
[WhiteElo "2329"]
[Black "BarryWhite"]
[BlackElo "2380"]
[TimeControl "120+0"]
[Result "1-0"]

1. e4 e6 2. d4 d5 3. exd5 exd5 4. Nf3 Nc6 5. Bb5 Bb4+ 6. Nc3 
Qe7+ 7. P@e5 Bd7 8. Bd2 Bxc3 9. bxc3 N@e4 10. O-O P@h3 11. Bxc6 bxc6 
12. B@b4 Qe6 13. N@g5 Qg6 14. gxh3 Bxh3 15. Re1 B@h5 16. e6 Bxe6 17. P@g2 
Bxf3 18. Qxf3 N@h4 19. Qg3 Nxg3 20. hxg3 Nf5 21. Nxe6 fxe6 22. B@g5 Nf6 
23. N@e5 Qh5 24. B@f7+ Qxf7 25. Nxf7 Kxf7 26. Q@e7+ Nxe7 27. Bxf6 P@h2+ 28. Kh1 
{BarryWhite forfeits on time} 1-0

[Event "fics rated crazyhouse match"]
[Site "fics, Oklahoma City, OK USA"]
[Date "2000.12.27"]
[White "BarryWhite"]
[WhiteElo "2371"]
[Black "VampireGod"]
[BlackElo "2338"]
[TimeControl "120+0"]
[Result "0-1"]

1. e4 e5 2. Nc3 Nc6 3. Nf3 Nf6 4. Bb5 Bc5 5. O-O d6 6. d3 
O-O 7. Bxc6 bxc6 8. Ng5 B@h5 9. Qe1 d5 10. exd5 cxd5 11. N@c6 Qe8 
12. Nxe5 P@e2 13. Nxe2 Qxe5 14. P@e3 Qxg5 15. Nf4 N@f3+ 16. Kh1 Nxe1 17. Rxe1 
N@e6 18. N@h3 Qh4 19. P@g3 Qg4 20. P@f3 Nxf4 21. Nxf4 Qxf3 22. gxf3 Bxf3+ 
23. N@g2 P@h3 24. Nxh3 Bxh3 
{BarryWhite resigns} 0-1

[Event "fics rated crazyhouse match"]
[Site "fics, Oklahoma City, OK USA"]
[Date "2000.12.27"]
[White "VampireGod"]
[WhiteElo "2347"]
[Black "BarryWhite"]
[BlackElo "2362"]
[TimeControl "120+0"]
[Result "1-0"]

1. e4 e6 2. d4 d5 3. exd5 exd5 4. Nf3 Nc6 5. Bb5 Bb4+ 6. Nc3 
Qe7+ 7. P@e5 Bd7 8. Qe2 P@e4 9. Bxc6 bxc6 10. Ng5 Nh6 11. N@h5 B@f8 
12. Nxe4 dxe4 13. Bxh6 gxh6 14. P@g7 B@a5 15. gxh8=Q Bxc3+ 16. bxc3 Bxc3+ 17. Kf1 
N@d2+ 18. Kg1 P@f3 19. B@f6 fxe2 20. N@g7+ Kd8 21. Bxe7+ Kc8 22. Q@a6+ Kb8 
23. Qxf8# 
{BarryWhite resigns} 1-0

[Event "fics rated crazyhouse match"]
[Site "fics, Oklahoma City, OK USA"]
[Date "2000.12.27"]
[White "BarryWhite"]
[WhiteElo "2354"]
[Black "VampireGod"]
[BlackElo "2355"]
[TimeControl "120+0"]
[Result "1-0"]

1. e4 e5 2. Nc3 Nc6 3. Nf3 Nf6 4. Bb5 Bc5 5. O-O d6 6. d3 
O-O 7. Nd5 Nxd5 8. exd5 Nd4 9. Nxd4 Bxd4 10. N@h5 c6 11. dxc6 bxc6 
12. Bxc6 P@b7 13. P@f6 N@g4 14. fxg7 
{VampireGod resigns} 1-0

[Event "fics rated crazyhouse match"]
[Site "fics, Oklahoma City, OK USA"]
[Date "2000.12.27"]
[White "VampireGod"]
[WhiteElo "2347"]
[Black "BarryWhite"]
[BlackElo "2362"]
[TimeControl "120+0"]
[Result "1-0"]

1. e4 e6 2. d4 d5 3. exd5 exd5 4. Nf3 Nc6 5. Bb5 Bb4+ 6. Nc3 
Qe7+ 7. P@e5 Nf6 8. Qe2 P@e4 9. exf6 gxf6 10. a3 Bxc3+ 11. bxc3 Rg8 
12. B@a4 Bd7 13. Bxc6 bxc6 14. Bxc6 Bxc6 15. N@f5 Qd7 16. N@g7+ Kd8 17. P@e7+ 
Kc8 18. e8=Q+ Rxe8 19. Nxe8 Qxe8 20. R@e7 Qd8 21. Rxf7 B@b5 22. P@d3 exf3 
23. gxf3 N@g2+ 24. Kd1 N@f4 25. P@e7 Qe8 26. Rf8 Nxe2 27. Rxe8+ Bxe8 28. Q@d8+ 
Kb7 29. Qxd5+ B@c6 30. Qb3 Nxc3+ 31. Qxc3 P@e2+ 32. Kxe2 N@d5 33. P@a6+ Kxa6 
34. N@c5+ Kb6 35. P@a5# 
{BarryWhite checkmated} 1-0

[Event "fics rated crazyhouse match"]
[Site "fics, Oklahoma City, OK USA"]
[Date "2000.12.27"]
[White "BarryWhite"]
[WhiteElo "2354"]
[Black "VampireGod"]
[BlackElo "2355"]
[TimeControl "120+0"]
[Result "1-0"]

1. e4 e5 2. Nc3 Nc6 3. Nf3 Nf6 4. Bc4 Bc5 5. O-O d6 6. d3 
O-O 7. Bg5 Nd4 8. Nxd4 Bxd4 9. Nd5 Nxd5 10. Bxd8 Nf4 11. Bxf7# 
{VampireGod resigns} 1-0

[Event "fics rated crazyhouse match"]
[Site "fics, Oklahoma City, OK USA"]
[Date "2000.12.27"]
[White "VampireGod"]
[WhiteElo "2347"]
[Black "BarryWhite"]
[BlackElo "2362"]
[TimeControl "120+0"]
[Result "0-1"]

1. e4 e6 2. d4 d5 3. e5 Ne7 4. Bg5 h6 5. Bxe7 Bxe7 6. Bd3 
B@g6 7. N@h5 Bxh5 8. Qxh5 N@f5 9. c3 Nc6 10. B@h3 Ncxd4 11. cxd4 P@g6 
12. Qd1 Bb4+ 13. Nc3 Nxd4 14. Bxg6 Bxc3+ 15. bxc3 fxg6 16. cxd4 B@c3+ 17. B@d2 
Bxa1 18. N@f4 P@f7 19. Qxa1 N@c2+ 20. Kf1 Nxa1 21. Nf3 Bd7 22. P@f6 Bb5+ 
23. B@e2 Q@d1+ 24. N@e1 Bxe2+ 25. Nxe2 B@d3 26. Ng1 gxf6 27. exf6 Qxf6 28. B@e5 
Bxe2+ 29. Nxe2 Qe7 30. Bxh8 N@e4 31. R@g8+ Kd7 32. Rxa8 Nxd2+ 33. Kg1 Qxe1+ 
34. B@f1 Qxf1# 
{VampireGod checkmated} 0-1

[Event "fics rated crazyhouse match"]
[Site "fics, Oklahoma City, OK USA"]
[Date "2000.12.27"]
[White "BarryWhite"]
[WhiteElo "2370"]
[Black "VampireGod"]
[BlackElo "2339"]
[TimeControl "120+0"]
[Result "1-0"]

1. e4 e5 2. Nc3 Nc6 3. Nf3 Nf6 4. Bc4 Bc5 5. O-O d6 6. d3 
Nd4 7. Nxd4 Bxd4 8. Bg5 Bg4 9. Bxf6 Bxd1 10. Bxd8 Kxd8 11. Raxd1 Bxc3 
12. B@h4+ B@f6 13. Bxf6+ gxf6 14. B@e7+ Kc8 15. Q@g4+ B@d7 16. N@f5 N@h6 17. Nxh6 
Bxg4 18. Nxg4 Q@g5 19. B@f5+ N@e6 20. N@h3 Qh4 21. Bcxe6+ fxe6 22. Bxe6+ B@d7 
23. Bxd7+ Kxd7 24. Bxf6 Qxh3 25. B@f5+ Kc6 26. gxh3 N@f3+ 27. Kh1 Rad8 28. P@d5+ 
Kb6 29. N@c4+ Kc5 30. P@g2 Nd4 31. bxc3 b5 32. Q@b4# 
{VampireGod checkmated} 1-0

[Event "fics rated crazyhouse match"]
[Site "fics, Oklahoma City, OK USA"]
[Date "2000.12.27"]
[White "VampireGod"]
[WhiteElo "2332"]
[Black "BarryWhite"]
[BlackElo "2377"]
[TimeControl "120+0"]
[Result "0-1"]

1. e4 e6 2. d4 d5 3. exd5 exd5 4. Nf3 Nc6 5. Bb5 Bb4+ 6. Nc3 
Qe7+ 7. P@e5 Bd7 8. Bxc6 bxc6 9. Qe2 B@h5 10. N@g3 Bxf3 11. gxf3 N@g2+ 
12. Kd1 Bxc3 13. bxc3 N@f4 14. Qd2 Nh6 15. B@b4 P@d6 16. Qxf4 Nxf4 17. Bxf4 
Nf5 18. exd6 cxd6 19. Bbxd6 Nxd6 20. Bxd6 Qxd6 21. B@e5 B@f4 22. P@e3 Bxe5 
23. dxe5 Qxe5 24. P@d4 Qb8 25. B@e5 P@b2 26. Rb1 Q@c1+ 27. Rxc1 bxc1=Q+ 28. Kxc1 
B@b2+ 29. Kd2 Bxc3+ 30. Ke2 R@d2+ 31. Kf1 Rd1+ 32. Kg2 B@h3# 
{VampireGod checkmated} 0-1

[Event "fics rated crazyhouse match"]
[Site "fics, Oklahoma City, OK USA"]
[Date "2000.12.27"]
[White "BarryWhite"]
[WhiteElo "2384"]
[Black "VampireGod"]
[BlackElo "2325"]
[TimeControl "120+0"]
[Result "1-0"]

1. e4 e5 2. Nf3 Nc6 3. Nc3 Bc5 4. Bc4 Nf6 5. O-O d6 6. d3 
Nd4 7. Nxd4 Bxd4 8. Nd5 Nxd5 9. Bxd5 c6 10. Bxf7+ Kxf7 11. N@g5+ Ke7 
12. N@f7 B@e6 13. Nxd8 Rxd8 14. P@f5 N@f7 15. fxe6 Nxg5 16. Bxg5+ Kxe6 17. Q@f5# 
{VampireGod checkmated} 1-0

[Event "fics rated crazyhouse match"]
[Site "fics, Oklahoma City, OK USA"]
[Date "2000.12.27"]
[White "VampireGod"]
[WhiteElo "2318"]
[Black "BarryWhite"]
[BlackElo "2391"]
[TimeControl "120+0"]
[Result "0-1"]

1. e4 e6 2. d4 d5 3. exd5 exd5 4. Nf3 Nc6 5. Bb5 Bb4+ 6. c3 
Qe7+ 7. P@e5 Bd6 8. Qe2 P@e4 9. exd6 cxd6 10. Bxc6+ bxc6 11. N@h5 f6 
12. Bf4 P@c7 13. Na3 B@g4 14. Nxg7+ Qxg7 15. h3 Bxf3 16. gxf3 N@g2+ 17. Kd1 
Nxf4 18. B@g4 Nxe2 19. B@h5+ B@g6 20. Bxg6+ hxg6 21. P@b5 Q@d3+ 22. B@d2 Bxg4 
23. hxg4 Rxh1+ 24. B@e1 Nxc3+ 25. bxc3 P@b2 26. Rc1 B@e2# 
{VampireGod checkmated} 0-1

[Event "fics rated crazyhouse match"]
[Site "fics, Oklahoma City, OK USA"]
[Date "2000.12.27"]
[White "BarryWhite"]
[WhiteElo "2397"]
[Black "VampireGod"]
[BlackElo "2312"]
[TimeControl "120+0"]
[Result "1-0"]

1. e4 e5 2. Nf3 Nc6 3. Nc3 Bc5 4. Bc4 Nf6 5. O-O d6 6. d3 
Nd4 7. Nxd4 Bxd4 8. Nd5 Be6 9. Bg5 Rg8 10. c3 Bb6 11. Nxb6 axb6 
12. Bxe6 fxe6 13. B@h3 Qe7 14. B@h4 N@d7 15. N@h5 B@f4 16. Bxf4 exf4 17. Nxf4 
B@e5 18. Nxe6 N@g4 19. Nxc7+ Kf8 20. Bxg4 Rc8 21. N@e6+ Kf7 22. Bxf6 Nxf6 
23. B@h5+ g6 24. N@h6# 
{VampireGod checkmated} 1-0

[Event "fics rated crazyhouse match"]
[Site "fics, Oklahoma City, OK USA"]
[Date "2000.12.27"]
[White "VampireGod"]
[WhiteElo "2306"]
[Black "BarryWhite"]
[BlackElo "2403"]
[TimeControl "120+0"]
[Result "1-0"]

1. e4 e6 2. d4 d5 3. exd5 exd5 4. Nf3 Nc6 5. Bb5 Bb4+ 6. c3 
Qe7+ 7. P@e5 Bd6 8. Be3 Bd7 9. O-O Nxe5 10. dxe5 Bxb5 11. exd6 cxd6 
12. Re1 B@e4 13. N@h5 f6 14. Qb3 P@c6 15. Nbd2 Bxf3 16. Nxf3 P@e4 17. Bd4 
Bc4 18. Qa3 Nh6 19. B@g3 P@e5 20. Nxg7+ Qxg7 21. Qxd6 N@b5 22. P@d7# 
{BarryWhite forfeits on time} 1-0

[Event "fics rated crazyhouse match"]
[Site "fics, Oklahoma City, OK USA"]
[Date "2000.12.27"]
[White "BarryWhite"]
[WhiteElo "2393"]
[Black "VampireGod"]
[BlackElo "2316"]
[TimeControl "120+0"]
[Result "0-1"]

1. e4 e6 2. Nc3 Nc6 3. Nf3 Nf6 4. d4 Bb4 5. Bd3 d5 6. exd5 
exd5 7. Qe2+ P@e4 8. P@g5 Nd7 9. Bxe4 dxe4 10. Qxe4+ B@e6 11. P@f5 Bxc3+ 
12. bxc3 N@d6 13. Qxe6+ fxe6 14. fxe6 Qe7 15. B@h3 Nf8 16. P@d5 Q@e4+ 17. Be3 
Qxd5 18. P@d7+ Nxd7 19. exd7+ Bxd7 20. Bxd7+ Kxd7 21. B@h3+ P@f5 22. N@e5+ Nxe5 
23. Nxe5+ Kc8 24. B@d7+ Kb8 25. N@c6+ bxc6 26. Nxc6+ Qxc6 27. Bxc6 P@d2+ 28. Kxd2 
N@c4+ 29. Kd1 Nxe3+ 30. fxe3 P@e2+ 31. Kc1 B@d2+ 32. Kxd2 N@c4+ 33. Ke1 B@d2+ 
34. Kxe2 Qxe3+ 35. Kf1 P@e2# 
{BarryWhite checkmated} 0-1

[Event "fics rated crazyhouse match"]
[Site "fics, Oklahoma City, OK USA"]
[Date "2000.12.27"]
[White "VampireGod"]
[WhiteElo "2326"]
[Black "BarryWhite"]
[BlackElo "2383"]
[TimeControl "120+0"]
[Result "1-0"]

1. e4 e6 2. d4 d5 3. exd5 exd5 4. Nf3 Nc6 5. Bb5 Bb4+ 6. Bd2 
Qe7+ 7. P@e5 Bxd2+ 8. Qxd2 Nf6 9. O-O Ne4 10. Qf4 B@h6 11. Qh4 Qxh4 
12. Nxh4 P@h3 13. B@a3 Q@g5 14. Bxc6+ bxc6 15. N@f3 Qd8 16. gxh3 B@e7 17. Bxe7 
Qxe7 18. B@a3 B@d6 19. exd6 cxd6 20. P@e5 P@c7 21. B@b4 Bxh3 22. exd6 cxd6 
23. Bxd6 Nxd6 24. Bxd6 Qxd6 25. P@e5 Qd7 26. N@d6+ Kf8 27. P@f6 gxf6 28. exf6 
Rg8+ 29. P@g7+ Rxg7+ 30. fxg7+ Bxg7 31. R@g3 Qxd6 32. Rxg7 N@e2+ 33. Kh1 P@g2+ 
34. Rxg2 Bxg2+ 35. Nxg2 P@g7 36. Q@h8+ R@g8 37. B@c5 B@e7 38. Bxd6 Bxd6 39. B@c5 
B@e7 40. Bxd6 Bxd6 41. B@e5 P@e7 42. Bxd6 exd6 43. P@e7+ Kxe7 44. Qxh7 B@f6 
45. Q@c7+ B@d7 46. P@g5 B@b8 47. gxf6+ gxf6 48. Qb7 P@h3 49. B@d8# 
{BarryWhite forfeits on time} 1-0

[Event "fics rated crazyhouse match"]
[Site "fics, Oklahoma City, OK USA"]
[Date "2000.12.27"]
[White "BarryWhite"]
[WhiteElo "2374"]
[Black "VampireGod"]
[BlackElo "2335"]
[TimeControl "120+0"]
[Result "1-0"]

1. e4 e5 2. Nc3 Nc6 3. Nf3 Nf6 4. Bc4 Bc5 5. O-O d6 6. d3 
Nd4 7. Nxd4 Bxd4 8. Bg5 Rg8 9. Nd5 Be6 10. c3 Bc5 11. b4 Bb6 
12. Nxb6 axb6 13. Bxe6 fxe6 14. B@h3 Qe7 15. B@h4 N@d7 16. N@h5 Rf8 17. Bxf6 
Nxf6 18. Bxf6 gxf6 19. N@g7+ Kd8 20. Nxe6+ Qxe6 21. Bxe6 B@e8 22. P@e7+ Kxe7 
23. N@d5+ Kxe6 24. Q@e7# 
{VampireGod checkmated} 1-0

[Event "fics rated crazyhouse match"]
[Site "fics, Oklahoma City, OK USA"]
[Date "2000.12.27"]
[White "VampireGod"]
[WhiteElo "2328"]
[Black "BarryWhite"]
[BlackElo "2381"]
[TimeControl "120+0"]
[Result "1-0"]

1. e4 e6 2. d4 d5 3. exd5 exd5 4. Nf3 Nc6 5. Bb5 Bb4+ 6. c3 
Qe7+ 7. P@e5 Bd6 8. O-O P@h3 9. gxh3 Bxh3 10. Re1 P@e4 11. Ng5 Bd7 
12. exd6 cxd6 13. P@g2 Nf6 14. Bxc6 Bxc6 15. N@f5 Qf8 16. Nxe4 dxe4 17. P@e7 
Qxe7 18. Nxe7 Kxe7 19. Bg5 N@f5 20. Bxf6+ gxf6 21. d5 B@e5 22. Rxe4 Rhg8 
23. P@g3 B@g4 24. dxc6 Bxd1 25. Q@d7+ Kf8 26. B@e7+ Nxe7 27. B@h6+ P@g7 28. Qxe7+ 
Kxe7 29. N@d5+ Kd8 30. c7+ Kc8 31. Nd2 Kd7 32. N@b6# 
{BarryWhite forfeits on time} 1-0